AoeStats
← CASTRO

Arena

505721699Analyzed
1v1 RM · 22d ago on Sep 10, 2026· 43m 18s· 2 players
Game mode
Random Map
Map size
Tiny (2 player)
Population
200
Speed
Normal
Resources
Standard
Victory
Conquest
Starting age
Dark Age
Ending age
Imperial Age
RankedLock teamsTeams togetherTeam positionsShared explorationLock speedFull tech treeHidden civsTurbo modeCheats
Victory
Defeat
🇦🇷 Teutons · Argentina
799
+16
🇨🇿 Sicilians · Czechia
808
-16
CASTRO
7:26 Loom
9:46 Feudal Age
10:30 Horse Collar
10:38 Double-Bit Axe
17:39 Castle Age
29:31 Imperial Age
29:51 Wheelbarrow
29:07 Town Watch
31:27 Chemistry
31:01 Conscription
30:05 Capped Ram
30:42 Pikeman
31:33 Scale Barding Armor
39:22 Ironclad
38:49 Cavalier
39:40 Bloodlines
39:38 Elite Teutonic Knight
Rotocz_69
7:06 Loom
10:57 Feudal Age
18:27 Castle Age
17:08 Double-Bit Axe
17:04 Horse Collar
19:35 Wheelbarrow
19:09 Pikeman
20:50 Gambesons
21:06 Squires
23:33 Arson
23:56 Town Watch
24:24 Scale Mail Armor
27:15 Forging
29:54 Padded Archer Armor
29:46 Fletching
30:12 Chain Mail Armor
30:57 Bodkin Arrow
32:18 Iron Casting
38:22 Imperial Age
37:32 Murder Holes
39:12 Hauberk
40:12 First Crusade
41:07 Hand Cart
41:40 Elite Serjeant
Connection lost

Rejoining the realm…

Still unreachable

The connection could not be restored.

Session expired

The server has moved on; the page needs a fresh start.